 Dungeon Crawl Stone Soup version 0.27-a0-1322-gfdffb62a71 (webtiles) character file.

Game seed: 8120010352552447594

87 Anon1729 the Cudgeller (level 4, -1/37 HPs)
             Began as a Palentonga Fighter on June 22, 2021.
             Slain by an adder (2 damage)
             ... on level 5 of the Dungeon.
             The game lasted 00:02:36 (2224 turns).

Anon1729 the Cudgeller (Palentonga Fighter)         Turns: 2224, Time: 00:02:37

Health: -1/37      AC:  6    Str: 20    XL:     4   Next: 28%
Magic:  4/4        EV:  5    Int:  9    God:
Gold:   55         SH:  8    Dex:  9    Spells: 3/3 levels left

rFire    . . .     SeeInvis +   a - +0 flail
rCold    . . .     Faith    .   c - +0 kite shield
rNeg     . . .     Spirit   .   b - +0 scale mail
rPois    .         Reflect  .   (no helmet)
rElec    .         Harm     .   (no cloak)
rCorr    .         Rampage  .   (no gloves)
Will     .....                  (no barding)
Stlth    ..........             (no amulet)
HPRegen  0.12/turn              (no ring)
MPRegen  0.09/turn              (no ring)

@: hasted, very quick
A: large, rugged brown scales 3, see invisible, deformed body, roll 1, armoured
tail
a: Rolling Charge


You were on level 5 of the Dungeon.
You visited 1 branch of the dungeon, and saw 5 of its levels.

You collected 55 gold pieces.

Inventory:

Hand Weapons
 a - a +0 flail (weapon)
Armour
 b - a +0 scale mail (worn)
 c - a +0 kite shield (worn)
 m - a +0 tower shield of protection
Jewellery
 f - a +4 ring of protection
Scrolls
 e - 2 scrolls of enchant armour {unknown}
 g - a scroll of brand weapon {unknown}
 h - a scroll of vulnerability {unknown}
 i - a scroll of amnesia {unknown}
 j - a scroll of fear {unknown}
 l - a scroll of identify {unknown}
 o - a scroll of teleportation {unknown}
Potions
 d - a potion of might


   Skills:
 - Level 3.2 Fighting
 + Level 3.9 Maces & Flails
 - Level 2.6 Armour
 - Level 2.7 Shields


You had 3 spell levels left.
You didn't know any spells.
Your spell library contained the following spells:

 Spells                   Type           Power      Damage    Failure   Level
 Magic Dart               Conj           0%         1d3       99%         1
 Searing Ray              Conj           0%         3d3       100%        2
 Dazzling Flash           Conj/Hex       0%         N/A       100%        3
 Fulminant Prism          Conj/Hex       0%         3d6       100%        4
 Iskenderun's Mystic Bla  Conj/Tloc      0%         2d3       100%        4


Dungeon Overview and Level Annotations

Branches:
Dungeon (5/15)
 Temple: D:4-7

Altars:

Shops:
D:2 !*[*


Innate Abilities, Weirdness & Mutations

You are completely covered in rugged brown scales. (AC +3, +7% HP)
You have supernaturally acute eyesight. (SInv)
Armour fits poorly on your strangely shaped body.
You can roll at nearby foes to attack.
You have a long armoured tail.


Message History

You are too injured to fight recklessly!
You are too injured to fight recklessly!
You are too injured to fight recklessly!
You are too injured to fight recklessly!
You miss the adder.
The adder is moderately wounded.
You feel sick. You block the adder's attack.
The adder bites you but does no damage.
Your shield and scale mail prevent you from hitting the adder.
The adder is moderately wounded.
You feel sick.
You are no longer poisoned.
The adder bites you.
* * * LOW HITPOINT WARNING * * *
The adder bites you but does no damage.
Your shield prevents you from hitting the adder.
The adder is moderately wounded.
You block the adder's attack. The adder bites you but does no damage.
You closely miss the adder.
The adder is moderately wounded.
The adder barely misses you. The adder bites you but does no damage.
You hit the adder but do no damage.
The adder is moderately wounded.
The adder bites you.
* * * LOW HITPOINT WARNING * * *
You closely miss the adder.
The adder is moderately wounded.
The adder bites you but does no damage. x2
You hit the adder.
The adder is heavily wounded.
The adder bites you but does no damage. The adder bites you.
* * * LOW HITPOINT WARNING * * *
It was a potion of haste.
You feel yourself speed up. The adder bites you but does no damage.
The adder barely misses you.
It was a potion of magic.
Magic courses through your body. You block the adder's attack.
You hit the adder.
The adder is almost dead.
The adder bites you.
You die...

.. #. .. #.
.# #####. .#
......#######
.. #...S.<..#
.##
#..@#.##.=#
(.# #...#.#.#
#.# #.# #.#
..#.. .# #.#
# #.##### #.#
.( #<# §§.
#Y# §≈≈ #.###
§§## #...#


You could see an adder.

Vanquished Creatures
  A hound (D:4)
  4 endoplasms
  4 giant cockroaches (D:1)
  6 goblins
  4 hobgoblins
  7 jackals
  2 quokkas
  6 ball pythons
  4 bats
  2 frilled lizards
  2 kobolds
  6 rats
48 creatures vanquished.

Notes
Turn   | Place    | Note
-------+----------+-------------------------------------------
     0 | D:1      | Anon1729 the Palentonga Fighter began the quest for the
                  | Orb.
     0 | D:1      | Reached XP level 1. HP: 19/19 MP: 1/1
   213 | D:1      | Reached XP level 2. HP: 25/25 MP: 2/2
   280 | D:1      | Found a faded altar of an unknown god.
   831 | D:1      | Reached XP level 3. HP: 31/31 MP: 3/3
  1170 | D:2      | Found Plog's Distillery.
  1202 | D:2      | Found Juqathro's Assorted Antiques.
  1222 | D:2      | Found Ketz's Armour Boutique.
  1773 | D:2      | Found Pelaiske's General Store.
  2084 | D:3      | You fall into a shaft and drop 2 floors!
  2084 | D:5      | Entered Level 5 of the Dungeon
  2124 | D:5      | Noticed a sky beast
  2177 | D:4      | Reached XP level 4. HP: 11/37 MP: 4/4
  2221 | D:5      | HP: 1/37 [adder (4)]
  2224 | D:5      | Slain by an adder

Illustrated notes

Levels and vault maps discovered:
D:1:      elethiomel_arrival_quiet, layout_basic,
          shapermc_ecumenical_altar_hornbeckon, minmay_shallow_snake_nest
D:2:      layout_basic, serial_shops, nicolae_shop_overgrown_old_shop, shop,
          nicolae_shop_window_shopping, nicolae_shop_trees
D:3:      layout_basic, lemuel_round_altar, grunt_temple_overflow_diamond
D:4:      layout_rooms, nicolae_uskayaw_murder_on_the_dancefloor
D:5:      old_forge, layout_loops_cross, lightli_temple_of_fire,
          gup_ossuary_entry_pyramid, uniq_ijyb

Skill      XL: |  1  2  3 |
---------------+----------+-----
Maces & Flails | 3 |  3.9
Fighting       | |  3.2
Armour         | |  2.6
Shields        | |  2.7

Action                   |  1- 3 |  4- 6 || total
-------------------------+-------+-------++-------
Melee: Flail             |   139 |    11 ||   150
       Tailslap          |    11 |       ||    11
  Use: Potion            |       |     2 ||     2
Armor: Scale mail        |   108 |    11 ||   119
Dodge: Dodged            |    39 |     4 ||    43
Block: Kite shield       |    87 |     5 ||    92

Table legend: (Time is in decaauts)
 A = Elapsed time spent in this place.
 B = Non-inter-level travel time spent in this place.
 C = Inter-level travel time spent in this place.
 D = Time resting spent in this place.
 E = Time spent auto-exploring this place.
 F = Levels seen in this place.
 G = Mean time per level.
                   A        B        C        D        E       F      G
               +--------+--------+--------+--------+--------+-----+--------+
         Total |   2303 |   2271 |     32 |      0 |   1824 |   5 |  460.6 |
       Dungeon |   2303 |   2271 |     32 |      0 |   1824 |   5 |  460.6 |
               +--------+--------+--------+--------+--------+-----+--------+

Top non-repeatable levels by time:
     D:1: 1215 daAuts
     D:2: 905 daAuts
     D:5: 96 daAuts
     D:4: 52 daAuts
     D:3: 34 daAuts
